 Dungeon Crawl Stone Soup version 0.21-a0-286-g6fcecc0 (webtiles) character file.

115 Trazz666 the Covered (level 5, 0/41 HPs)
             Began as a Human Fighter on Sept 26, 2017.
             Slain by Sigmund
             ... wielding a +0 scythe
              (5 damage)
             ... on level 3 of the Dungeon.
             The game lasted 00:15:10 (1223 turns).

Trazz666 the Covered (Human Fighter)                Turns: 1223, Time: 00:15:11

Health: 0/41       AC: 12    Str: 17    XL:     5   Next: 20%
Magic:  5/5        EV:  3    Int:  9    God:
Gold:   80         SH:  9    Dex: 12    Spells: 4/4 levels left

rFire    . . .     SeeInvis .   a - +0 flail
rCold    . . .     Gourm    .   c - +0 shield
rNeg     . . .     Faith    .   B - +0 plate armour
rPois    .         Spirit   .   (no helmet)
rElec    .         Reflect  .   (no cloak)
rCorr    .         Harm     .   j - +0 pair of gloves (curse)
MR       .....                  (no boots)
Stlth    ..........             (no amulet)
HPRegen  0.13/turn              (no ring)
MPRegen  0.09/turn              (no ring)

@: lethally poisoned (0 -> -2)
A: no striking features
a: no special abilities


You were on level 3 of the Dungeon.
You were not hungry.

You visited 1 branch of the dungeon, and saw 3 of its levels.

You collected 80 gold pieces.

Inventory:

Hand Weapons
 a - a +0 flail (weapon)
 h - a +0 club
 k - a +0 short sword
 l - a +0 whip
 m - a +0 dagger
 q - a +0 dagger
 s - a +0 dagger
 C - a +4 dagger
Missiles
 g - 80 stones (quivered)
 n - 18 bolts
Armour
 b - a +0 scale mail
 c - a +0 shield (worn)
 j - a cursed +0 pair of gloves (worn)
 p - a cursed -2 chain mail
 A - a +0 robe
 B - a +0 plate armour (worn)
Jewellery
 r - an uncursed ring of see invisible {unknown}
 u - an uncursed ring of protection from fire {unknown}
Scrolls
 e - a scroll of remove curse {unknown}
 i - 2 scrolls of enchant weapon {unknown}
 t - a scroll of blinking {unknown}
 y - a scroll of teleportation
Potions
 d - a potion of might
 o - a potion of heal wounds
 v - a potion of berserk rage {unknown}
 w - a potion of cancellation {unknown}
 D - a potion of degeneration {unknown}
Comestibles
 f - 2 bread rations


   Skills:
 * Level 3.4 Fighting
 * Level 2.8 Maces & Flails
 * Level 1.2 Throwing
 * Level 3.6 Armour
 * Level 1.2 Dodging
 * Level 3.4 Shields
 * Level 0.6 Unarmed Combat


You had 4 spell levels left.
You didn't know any spells.

Dungeon Overview and Level Annotations

Branches:
Dungeon (3/15)

Altars:

Annotations:
D:3 Sigmund


Message History

Sigmund barely misses you.
Throwing (i - inventory):
g - 81 stones (quivered)
Press: ? - help, Shift-Dir - straight line, f/p - jackal
Aim: a jackal You throw a stone.
The stone completely misses the jackal.
The stone barely misses Sigmund.
You feel sick.
The jackal bites you but does no damage.
You block the jackal's attack.
Sigmund casts a spell.
Sigmund flickers and vanishes!
Deactivating autopickup; reactivate with Ctrl-A.
Your shield and plate armour prevent you from hitting the jackal.
You block the jackal's attack. The goblin hits you but does no damage.
Something hits you but does no damage. You block the jackal's attack.
The goblin hits you but does no damage.
You hit the jackal.
The jackal is heavily wounded.
The jackal bites you but does no damage.
The goblin hits you but does no damage. Something hits you.
You die...

#h... .# .... .
#..# #. ..## #(.
##..#######
#.###(.........
####(..#{.........
.<......hg..#####
#####.<@.$.#
###....# #....#
#....# #....#
#....# #(...#
######


You could see a jackal and a goblin.

Vanquished Creatures
  A worker ant (D:2)
  2 gnolls (D:1)
  3 adders
  A dart slug (D:1)
  A leopard gecko (D:1)
  3 giant cockroaches
  7 goblins
  9 hobgoblins
  6 bats
  5 kobolds
  4 rats
42 creatures vanquished.

Notes
Turn   | Place    | Note
-------+----------+-------------------------------------------
     0 | D:1      | Trazz666 the Human Fighter began the quest for the Orb.
     0 | D:1      | Reached XP level 1. HP: 18/18 MP: 1/1
    74 | D:1      | Reached XP level 2. HP: 24/24 MP: 2/2
   149 | D:1      | Reached XP level 3. HP: 18/29 MP: 3/3
   519 | D:1      | Reached XP level 4. HP: 34/35 MP: 4/4
   772 | D:2      | Reached skill level 1 in Dodging
   795 | D:2      | Reached skill level 1 in Throwing
   795 | D:2      | Reached XP level 5. HP: 32/41 MP: 5/5
  1213 | D:3      | Noticed Sigmund
  1223 | D:3      | Slain by Sigmund

Vault maps used:
D:1:      dpeg_arrival_shelter
D:2:      first_bread
D:3:      lemuel_crystal_altar, minmay_misc_feat_four_crosses,
          minmay_misc_feat_alley, uniq_sigmund

Skill      XL: |  1  2  3  4 |
---------------+-------------+-----
Dodging        | 1 |  1.2
Throwing       | 1 |  1.2
Fighting       | |  3.4
Maces & Flails | |  2.8
Armour         | |  3.6
Shields        | |  3.4
Unarmed Combat | |  0.6

Action                   |  1- 3 |  4- 6 || total
-------------------------+-------+-------++-------
Melee: Flail             |    65 |    94 ||   159
Throw: Javelin           |     2 |    12 ||    14
       Stone             |       |    12 ||    12
  Use: Scroll            |       |     1 ||     1
       Potion            |       |     1 ||     1
  Eat: Meat ration       |       |     1 ||     1
Armor: Scale mail        |    27 |    21 ||    48
       Plate armour      |       |    45 ||    45
Dodge: Dodged            |    22 |    27 ||    49
Block: Shield            |    24 |    53 ||    77

Table legend:
 A = Spawn XP
 B = Non-spawn XP
 C = Spawn XP percentage of total XP
 D = Spawn monster count
 E = Non-spawn monster count
 F = Spawn count percentage of total count
 G = Total turns spent on level
                    A         B        C        D         E        F      G
               +---------+---------+-------+---------+---------+-------+---------
         Total |       0 |     165 |   0.0 |       0 |      42 |   0.0 |  1223
               +---------+---------+-------+---------+---------+-------+---------
           D:1 |       0 |      70 |   0.0 |       0 |      24 |   0.0 |   529
           D:2 |       0 |      81 |   0.0 |       0 |      17 |   0.0 |   642
           D:3 |       0 |      14 |   0.0 |       0 |       1 |   0.0 |    52
               +---------+---------+-------+---------+---------+-------+---------
